 Dungeon Crawl Stone Soup version 0.28-a0-938-gbc3f381ebc (webtiles) character file.

Game seed: 9902761814076024374

95 mainiacjoe the Magician (level 4, -6/31 HPs)
             Began as a Djinni Fire Elementalist on Nov 30, 2021.
             Mangled by Sigmund (7 damage)
             ... on level 3 of the Dungeon.
             The game lasted 00:05:30 (2768 turns).

mainiacjoe the Magician (Djinni Fire Elementalist)  Turns: 2768, Time: 00:05:32

Health: -6/31      AC:  2    Str:  7    XL:     4   Next: 97%
Gold:   101        EV: 12    Int: 17    God:
                   SH:  0    Dex: 14

rFire   + + .      SeeInvis .   a - +0 hand axe
rCold   x . .      Faith    .   (no shield)
rNeg    . . .      Spirit   .   j - +0 robe
rPois   ∞          Reflect  .   (no helmet)
rElec   .          Harm     .   (no cloak)
rCorr   .          Rampage  .   (no gloves)
Will    .....                   (boots unavailable)
Stlth   ++........              (no amulet)
HPRegen 0.10/turn               (no ring)
MPRegen 0.00/turn               (no ring)

@: flying
A: sickness immunity, fire resistance 2, cold vulnerability 1, float, innate
caster, hp casting, extra vitality 1
a: no special abilities


You were on level 3 of the Dungeon.
You visited 1 branch of the dungeon, and saw 3 of its levels.

You collected 101 gold pieces.

Inventory:

Hand Weapons
 a - a +0 hand axe (weapon)
 b - a +0 dagger of holy wrath
Missiles
 k - 15 sling bullets
 m - 31 stones (quivered)
 n - 3 boomerangs
Armour
 j - a +0 robe (worn)
Scrolls
 d - a scroll of identify {unknown}
 g - a scroll of holy word
 h - 4 scrolls of magic mapping {unknown}
 i - a scroll of brand weapon {unknown}
Potions
 c - a potion of heal wounds {unknown}
 e - a potion of brilliance {unknown}
 f - a potion of might {unknown}
 l - a potion of ambrosia {unknown}


   Skills:
 - Level 2.7 Dodging
 - Level 2.1 Stealth
 + Level 3.7 Spellcasting


You couldn't memorise any spells.
You knew the following spells:

 Your Spells              Type           Power      Damage    Failure   Level
a - Foxfire               Conj/Fire      60%        2x1d7     3%          1
b - Scorch                Fire           30%        2d7       5%          2
c - Inner Flame           Hex/Fire       15%        N/A       11%         3
d - Flame Wave            Conj/Fire      15%        2d5       34%         4
e - Shock                 Conj/Air       60%        1d6       3%          1
z - Conjure Flame         Conj/Fire      15%        6-21      11%         3
Your spell library was empty.

Dungeon Overview and Level Annotations

Branches:
Dungeon (3/15)

Altars:

Shops:
D:3 (

Annotations:
D:2 exclusion: upstairs
D:3 Sigmund


Innate Abilities, Weirdness & Mutations

You are immune to sickness and miasma.
You are immune to poison.
Your flesh is very heat resistant. (rF++)
You are vulnerable to cold. (rC-)
You float through the air rather than walking.
You learn spells naturally, not from books.
Your magical power is your life essence.
You have superior vitality. (+4 HP)


Message History

You see here a frilled lizard corpse.
A hobgoblin comes into view.
Casting: Foxfire (safe; 3% risk of failure)
Confirm with . or Enter, or press ? or * to list all spells.
You conjure some foxfire!
The foxfire hits the hobgoblin.
The hobgoblin is moderately wounded.
The hobgoblin shouts!
Casting: Foxfire (safe; 3% risk of failure)
Confirm with . or Enter, or press ? or * to list all spells.
You conjure some foxfire!
The foxfire hits the hobgoblin.
You kill the hobgoblin!
Your foxfire dissipates!
A frilled lizard comes into view.
Found Oklir's Antique Weapon Boutique.
The frilled lizard hisses angrily.
Casting: Foxfire (safe; 3% risk of failure)
Confirm with . or Enter, or press ? or * to list all spells.
You conjure some foxfire!
The foxfire hits the frilled lizard!
You kill the frilled lizard!
You now have 86 gold pieces (gained 13).
h - 4 scrolls labelled MIBESYOBEG (gained 2)
You now have 101 gold pieces (gained 15).
Sigmund the Dreaded comes into view.
He is wielding a +1 scythe of freezing.
Sigmund shouts!
Casting: Foxfire (safe; 3% risk of failure)
Confirm with . or Enter, or press ? or * to list all spells.
Flames lash Sigmund.
Sigmund is moderately wounded.
Sigmund's fire resistance burns away.
Sigmund hits you from afar with a +1 scythe of freezing!
Sigmund freezes you!
Casting: Scorch (safe; 5% risk of failure)
Confirm with . or Enter, or press ? or * to list all spells.
You conjure some foxfire!
Sigmund hits you from afar with a +1 scythe of freezing!
* * * LOW HITPOINT WARNING * * *
Sigmund freezes you!
You die...

# #. # #.
##.#..
......###
......v@#
.....@#v#
..... #.#
.... #.#
#.. #.#
.. #.# ♣
#.# #.#
#.#


You could see Sigmund (combustible, ally target).

Vanquished Creatures
  3 adders (D:2)
  3 orcs (D:3)
  3 bats
  8 endoplasms
  5 giant cockroaches
  8 goblins
  6 hobgoblins
  4 jackals (D:1)
  3 quokkas
  A ball python (D:2)
  6 frilled lizards
  5 kobolds
  3 rats (D:2)
58 creatures vanquished.

Vanquished Creatures (others)
  109 foxfires
109 creatures vanquished.

Grand Total: 167 creatures vanquished

Notes
Turn   | Place    | Note
-------+----------+-------------------------------------------
     0 | D:1      | mainiacjoe the Djinni Fire Elementalist began the quest for
                  | the Orb.
     0 | D:1      | Reached XP level 1. HP: 15/15 MP: 0/0
   300 | D:1      | Reached XP level 2. HP: 19/21 MP: 0/0
   817 | D:1      | Reached XP level 3. HP: 19/25 MP: 0/0
   817 | D:1      | Learned a level 1 spell: Shock
  1494 | D:1      | Reached skill level 3 in Spellcasting
  1874 | D:2      | Found a faded altar of an unknown god.
  1888 | D:2      | Reached XP level 4. HP: 27/31 MP: 0/0
  2714 | D:3      | Found Oklir's Antique Weapon Boutique.
  2765 | D:3      | Noticed Sigmund
  2768 | D:3      | HP: 1/31 [Sigmund (11)]
  2768 | D:3      | Mangled by Sigmund

Illustrated notes

Levels and vault maps discovered:
D:1:      dpeg_arrival_connections, layout_basic
D:2:      layout_rooms, shapermc_ecumenical_altar_venn
D:3:      layout_loops_ring, serial_shops, shop, nicolae_shop_advertising_works
          [nicolae_subvault_shop_adworks], grunt_ministairs_4,
          serial_bayou_lagoon_b, uniq_sigmund

Skill      XL: |  1  2  3 |
---------------+----------+-----
Stealth        | 2 |  2.1
Spellcasting   | 3 |  3.7
Dodging        | |  2.7

Action                   |  1- 3 |  4- 6 || total
-------------------------+-------+-------++-------
Melee: Short sword       |    12 |     2 ||    14
Throw: Stone             |    13 |     1 ||    14
 Cast: Foxfire           |    44 |    28 ||    72
       Scorch            |    12 |     1 ||    13
       Flame Wave        |       |     1 ||     1
  Use: Scroll            |       |     1 ||     1
Armor: Robe              |    11 |     1 ||    12
Dodge: Dodged            |    20 |     2 ||    22

Table legend: (Time is in decaauts)
 A = Elapsed time spent in this place.
 B = Non-inter-level travel time spent in this place.
 C = Inter-level travel time spent in this place.
 D = Time resting spent in this place.
 E = Time spent auto-exploring this place.
 F = Levels seen in this place.
 G = Mean time per level.
                   A        B        C        D        E       F      G
               +--------+--------+--------+--------+--------+-----+--------+
         Total |   2765 |   2707 |     58 |    459 |   1910 |   3 |  921.7 |
       Dungeon |   2765 |   2707 |     58 |    459 |   1910 |   3 |  921.7 |
               +--------+--------+--------+--------+--------+-----+--------+

Top non-repeatable levels by time:
     D:1: 1664 daAuts
     D:2: 712 daAuts
     D:3: 388 daAuts
